 Dungeon Crawl Stone Soup version 0.24-a0-420-g24607be9ce (webtiles) character file.

Game seed: 17984596138961314129

12808 emperorscorpion the Cleaver (level 11, -23/89 (90) HPs)
             Began as a Minotaur Berserker on June 11, 2019.
             Was an Elder of Trog.
             Annihilated by a two-headed ogre
             ... wielding a +0 giant club
              (27 damage)
             ... on level 15 of the Dungeon.
             The game lasted 00:24:21 (2060 turns).

emperorscorpion the Cleaver (Minotaur Berserker)    Turns: 2060, Time: 00:24:22

HP:   -23/89 (90)   AC:  9    Str: 25    XL:     11   Next: 67%
MP:   12/12         EV: 13    Int:  6    God:    Trog [****..]
Gold: 299           SH:  0    Dex: 10    Spells: 10/10 levels left

rFire    . . .     SeeInvis +   a - +10 broad axe of the Sugar Beet {chop, Stlth+}
rCold    . . .     Gourm    .   (no shield)
rNeg     . . .     Faith    .   l - +1 scale mail (curse)
rPois    .         Spirit   .   (helmet restricted)
rElec    .         Reflect  .   (no cloak)
rCorr    .         Harm     .   (no gloves)
MR       .....                  (no boots)
Stlth    +++.......             (no amulet)
HPRegen  0.24/turn              p - ring of see invisible
MPRegen  0.13/turn              E - ring of stealth (curse)

@: berserk cooldown, slowed, very slow
A: retaliatory headbutt, horns 2, clever 1, frail 1, mutation resistance 1
a: Berserk, Trog's Hand, Brothers in Arms, Renounce Religion


You were on level 15 of the Dungeon.
You worshipped Trog.
Trog was greatly pleased with you.
You were very hungry.

You visited 1 branch of the dungeon, and saw 14 of its levels.
You also visited: Bailey.

You collected 299 gold pieces.

Inventory:

Hand Weapons
 a - the +10 broad axe of the Sugar Beet (weapon) {chop, Stlth+}
   (You acquired it in a bailey)

   It inflicts extra damage upon your enemies.
   It makes you more stealthy.
 g - a +0 flail
 j - a +0 hand axe
 k - a +0 battleaxe
 q - a +2 war axe
Missiles
 h - 25 boomerangs (quivered)
 C - 8 silver javelins
Armour
 b - a +0 animal skin
 d - a +0 ring mail
 i - a +0 leather armour
 l - a cursed +1 scale mail (worn)
 m - a +0 plate armour
 t - a +2 scale mail of poison resistance
Jewellery
 p - a ring of see invisible (left hand)
 E - a cursed ring of stealth (right hand)
Wands
 s - a wand of polymorph (9)
 F - a wand of acid (11)
Scrolls
 e - 5 scrolls of enchant weapon
 f - a scroll of enchant armour
 n - a scroll of blinking
 u - a scroll of magic mapping
 v - a scroll of remove curse
 D - a scroll of fog
Potions
 o - a potion of curing
 w - a potion of invisibility {unknown}
 x - a potion of agility {unknown}
 z - 2 potions of haste {unknown}
 B - a potion of heal wounds
Miscellaneous
 r - a fan of gales
 y - a lightning rod (4/4)
 A - a lamp of fire (inert)
Comestibles
 c - 8 rations


   Skills:
 + Level 10.2 Fighting
 + Level 13.6(13.9) Axes
 + Level 4.4(10.1) Maces & Flails
 + Level 7.5 Throwing
 + Level 8.1 Armour
 + Level 7.1 Dodging
 + Level 3.8 Stealth
 + Level 3.6 Evocations


You had 10 spell levels left.
You didn't know any spells.
Your spell library was empty.

Dungeon Overview and Level Annotations

Branches:
Dungeon (13/15)
 Temple: D:4-7         Lair: D:8-11         Orc: D:9-12      Vaults: D:13-14

Altars:


Innate Abilities, Weirdness & Mutations

You reflexively headbutt those who attack you in melee.
You have a pair of horns on your head.
Your mind is acute. (Int +2)
You are frail. (-10% HP)
You are somewhat resistant to further mutation.


Message History

The two-headed ogre hits you with a cursed +0 giant club!
* * * LOW HITPOINT WARNING * * *
There is an open door, spattered with blood here.
Items here: ))) † a cursed +0 giant spiked club; a +0 giant club; a cursed -3 giant spiked club an ogre corpse Unknown command.
You completely miss the two-headed ogre.
The two-headed ogre barely misses you. The two-headed ogre misses you.
The ogre mage closely misses you.
You slash the two-headed ogre!
Your headbutt misses the two-headed ogre.
The two-headed ogre is lightly wounded.
The ogre mage hits you but does no damage.
The two-headed ogre barely misses you. x2
You slice the two-headed ogre!!
The two-headed ogre is severely wounded.
The ogre mage hits you but does no damage.
The two-headed ogre hits you with a +0 giant club!!
You die...

#.........# #.........#
#.#.......###
#.#..........
#.#........#
#.#...O....##
#######.....OO.....
#.....#'###@######## .
#...........).......
#..####'###.....)......
#.........#...).)......
.....###..#............
#####.......#............
....#.......#############
....#..............
....#.####........#


You could see a two-headed ogre, an ogre mage and an ogre.

Vanquished Creatures
  An orc warlord (Bailey)
  A great orb of eyes (D:12)
  A death knight (D:15)
  An unseen horror (D:11)
  An orc knight (Bailey)
  An ugly thing (D:13)
  A cyclops (D:11)
  A centaur skeleton (D:13)
  A freezing wraith (D:15)
  3 trolls (D:13)
  6 slime creatures
  3 wraiths (D:15)
  6 yaks (D:13)
  A hungry ghost (D:13)
  3 orc warriors
  A sky beast (D:7)
  A phantom (D:7)
  5 ogres
  2 necrophages
  A crocodile (D:8)
  A big kobold (D:12)
  3 bullfrogs
  A howler monkey (D:13)
  A centaur zombie (D:8)
  3 orc priests (D:9)
  A hound (D:7)
  3 iguanas (D:9)
  Natasha (twice) (D:2)
  2 orc wizards (D:15)
  3 worker ants
  A gnoll (Bailey)
  An adder (D:6)
  2 shadow imps
  A worm (D:4)
  12 orcs
  2 bats
  7 goblins
  7 hobgoblins
  2 quokkas
  13 kobolds
  2 rats
111 creatures vanquished.

Vanquished Creatures (collateral kills)
  A centaur skeleton (D:12)
1 creature vanquished.

Grand Total: 112 creatures vanquished

Notes
Turn   | Place    | Note
-------+----------+-------------------------------------------
     0 | D:1      | emperorscorpion the Minotaur Berserker began the quest for
                  | the Orb.
     0 | D:1      | Reached XP level 1. HP: 19/19 MP: 0/0
    38 | D:2      | Found a faded altar of an unknown god.
    54 | D:2      | Noticed Natasha
    58 | D:2      | Killed Natasha
    58 | D:2      | Reached skill level 4 in Axes
    58 | D:2      | Reached XP level 2. HP: 27/27 MP: 1/1
    58 | D:2      | Reached XP level 3. HP: 33/33 MP: 2/2
    97 | D:2      | Noticed Natasha
   103 | D:2      | Killed Natasha
   118 | D:3      | You fall into a shaft and drop 1 floor!
   129 | D:5      | Entered Level 5 of the Dungeon
   202 | D:6      | Reached XP level 4. HP: 41/41 MP: 3/3
   242 | D:7      | Noticed a phantom
   243 | D:7      | Found a flagged portal.
   246 | D:7      | Reached skill level 5 in Fighting
   248 | D:7      | Reached ** piety under Trog
   253 | D:7      | Reached skill level 5 in Axes
   269 | Bailey   | Entered a bailey
   276 | Bailey   | Noticed an orc warlord
   372 | Bailey   | Noticed an orc warrior
   380 | Bailey   | HP: 3/63 [orc warrior/+0 war axe (16)]
   381 | Bailey   | Killed an orc warrior
   381 | Bailey   | Reached XP level 5. HP: 3/48 MP: 4/4
   491 | Bailey   | Found a runed translucent gate.
   499 | Bailey   | Found a runed translucent gate.
   509 | Bailey   | Found a runed translucent gate.
   518 | Bailey   | Noticed an orc knight
   542 | Bailey   | Noticed an orc warrior
   558 | Bailey   | Killed an orc warrior
   558 | Bailey   | Reached skill level 1 in Throwing
   558 | Bailey   | Reached XP level 6. HP: 54/57 MP: 5/5
   610 | Bailey   | Killed an orc knight
   610 | Bailey   | Reached skill level 7 in Axes
   610 | Bailey   | Reached XP level 7. HP: 52/63 MP: 6/6
   710 | Bailey   | Killed an orc warlord
   710 | Bailey   | Reached skill level 9 in Axes
   710 | Bailey   | Reached skill level 5 in Throwing
   710 | Bailey   | Reached XP level 8. HP: 63/73 MP: 7/7
   747 | Bailey   | Identified a scroll of acquirement
   748 | Bailey   | Got an iridescent broad axe
   749 | Bailey   | Identified the +10 broad axe of the Sugar Beet {chop,
                  | Stlth+} (You acquired it in a bailey)
   757 | D:7      | Reached XP level 9. HP: 58/79 MP: 8/8
  1092 | D:8      | Identified the cursed +0 rapier "Piruapt" {pain, +Rage
                  | Int+3} (You found it on level 8 of the Dungeon)
  1126 | D:8      | Reached skill level 10 in Axes
  1126 | D:8      | Reached XP level 10. HP: 87/90 MP: 8/11
  1128 | D:8      | Gained mutation: You are frail. (-10% HP) [potion of
                  | mutation]
  1128 | D:8      | Gained mutation: You are somewhat resistant to further
                  | mutation. [potion of mutation]
  1128 | D:8      | Gained mutation: Your mind is acute. (Int +2) [potion of
                  | mutation]
  1187 | D:9      | Reached *** piety under Trog
  1229 | D:10     | Entered Level 10 of the Dungeon
  1249 | D:10     | Reached skill level 11 in Axes
  1368 | D:11     | Noticed a cyclops
  1376 | D:11     | Killed a cyclops
  1429 | D:11     | Noticed an unseen horror
  1435 | D:11     | Killed an unseen horror
  1596 | D:12     | Found a transporter.
  1607 | D:12     | Found a transporter.
  1607 | D:12     | Noticed a great orb of eyes
  1614 | D:12     | Killed a great orb of eyes
  1614 | D:12     | Reached skill level 12 in Axes
  1618 | D:12     | Reached XP level 11. HP: 49/86 MP: 8/12
  1881 | D:13     | Noticed a white ugly thing
  1890 | D:13     | Killed a white ugly thing
  1890 | D:13     | Reached skill level 10 in Fighting
  1890 | D:13     | Reached skill level 13 in Axes
  1926 | D:13     | You fall into a shaft and drop 2 floors!
  1926 | D:15     | Entered Level 15 of the Dungeon
  2022 | D:15     | Noticed a death knight
  2039 | D:15     | Reached **** piety under Trog
  2044 | D:15     | Killed a death knight
  2051 | D:15     | Received a gift from Trog
  2057 | D:15     | Noticed an ogre mage
  2057 | D:15     | Noticed a two-headed ogre
  2057 | D:15     | HP: 3/89 [two-headed ogre/+0 giant club (7)]
  2060 | D:15     | Annihilated by a two-headed ogre

Levels and vault maps discovered:
D:1:      dpeg_arrival_tiny_h, layout_basic, minmay_misc_feat_x,
          minmay_indecisive_spiral
D:2:      layout_rooms, nicolae_ru_awakened_eye,
          chequers_ecumenical_altar_island, uniq_natasha
D:3:      layout_loops_ring
D:4:      layout_rooms, overflow_temple_1_default
D:5:      layout_gridville, minmay_temple_entry_junction, first_ration,
          minmay_chambers_of_fives, uniq_grinder, uniq_crazy_yiuf_cottage
D:6:      layout_loops_ring, kennysheep_little_box
D:7:      layout_loops_corners, enter_bailey_3, nrook_mini_vaults
D:8:      kennysheep_spiral_hall, layout_rooms,
          lemuel_mausoleum_altar_kikubaaqudgha, elyvilon_altar_5,
          david_lair_shrubbed, gammafunk_ghost_spectres, uniq_psyche
D:9:      layout_basic, dancing_weapons_uskayaw, david_nohive_1
D:10:     layout_roguey
D:11:     layout_stronghold
D:12:     gammafunk_jiyva_shrine, layout_irregular_city, orc_0_dummy,
          serial_shops, shop, shop, nicolae_shop_window_shopping, shop,
          nicolae_shop_trees
D:13:     layout_basic
D:15:     grunt_enter_depths_snipers, layout_stronghold, grunt_dithmenos_smoke

Skill      XL: |  1  2  3  4  5  6  7  8  9 10 11 |
---------------+----------------------------------+-----
Fighting       | 4 5 6 7 8 9 10 | 10.2
Axes           | 4 5 7 9 10 12 13 | 13.6
Armour         | 3 4 7 8 |  8.1
Dodging        | 3 4 6 7 |  7.1
Throwing       | 1 2 5 7 |  7.5
Maces & Flails | 4 |  4.4
Stealth        | 3 |  3.8
Evocations     | 3 |  3.6

Action                   |  1- 3 |  4- 6 |  7- 9 | 10-12 || total
-------------------------+-------+-------+-------+-------++-------
Melee: Hand axe          |    18 |    40 |       |       ||    58
       Headbutt          |     2 |    11 |     9 |    20 ||    42
       War axe           |       |    21 |    13 |       ||    34
       Broad axe         |       |       |    26 |   105 ||   131
Throw: Boomerang         |       |    28 |     4 |    10 ||    42
Invok: Berserk           |     2 |     5 |     2 |     5 ||    14
       Trog's Hand       |       |     3 |       |       ||     3
Evoke: Lamp of fire      |       |       |       |     1 ||     1
  Use: Scroll            |     1 |     2 |     7 |     4 ||    14
       Potion            |     1 |     1 |     2 |     1 ||     5
 Stab: Sleeping          |       |       |       |     3 ||     3
  Eat: Chunk             |       |     5 |     5 |     8 ||    18
Armor: Animal skin       |     1 |     1 |       |       ||     2
       Leather armour    |       |     8 |       |       ||     8
       Ring mail         |       |     1 |       |       ||     1
       Scale mail        |       |       |     7 |    24 ||    31
Dodge: Dodged            |    18 |    57 |    19 |    53 ||   147

Table legend:
 A = Non-vault XP
 B = Vault XP
 C = Vault XP percentage of total XP
 D = Non-vault monster count
 E = Vault monster count
 F = Vault count percentage of total count
                 A         B        C        D         E       F
            +---------+---------+-------+---------+---------+-------
      Total |    9824 |    5173 |  34.5 |      75 |      37 |  33.0
            +---------+---------+-------+---------+---------+-------
        D:1 |       3 |       0 |   0.0 |       2 |       0 |   0.0
        D:2 |      41 |      35 |  46.1 |       4 |       1 |  20.0
        D:3 |       1 |       0 |   0.0 |       1 |       0 |   0.0
        D:4 |       7 |       0 |   0.0 |       2 |       0 |   0.0
        D:5 |       6 |       0 |   0.0 |       2 |       0 |   0.0
        D:6 |      16 |       0 |   0.0 |       2 |       0 |   0.0
        D:7 |     434 |       8 |   1.8 |       8 |       4 |  33.3
        D:8 |       0 |     254 | 100.0 |       0 |       3 | 100.0
        D:9 |     404 |       0 |   0.0 |      14 |       0 |   0.0
       D:10 |     342 |       0 |   0.0 |       4 |       0 |   0.0
       D:11 |    1418 |       0 |   0.0 |       3 |       0 |   0.0
       D:12 |     594 |    2308 |  79.5 |       5 |       5 |  50.0
       D:13 |    4104 |       0 |   0.0 |      15 |       0 |   0.0
       D:15 |    2454 |       0 |   0.0 |      13 |       0 |   0.0
     Bailey |       0 |    2568 | 100.0 |       0 |      24 | 100.0
            +---------+---------+-------+---------+---------+-------
